 Dungeon Crawl Stone Soup version 0.26-a0-812-g31a745ddcd (webtiles) character file.

Game seed: 5073229027978512843

21 kae the Ruffian (level 2, 0/23 HPs)
             Began as a Draconian Transmuter on Nov 24, 2020.
             Slain by a gnoll
             ... wielding a +0 spear
              (4 damage)
             ... on level 2 of the Dungeon.
             The game lasted 00:00:33 (801 turns).

kae the Ruffian (Draconian Transmuter)               Turns: 801, Time: 00:00:34

Health: 0/23       AC:  5    Str: 12    XL:     2   Next: 65%
Magic:  4/5        EV: 12    Int: 13    God:
Gold:   92         SH:  0    Dex: 11    Spells: 4/5 levels left

rFire    . . .     SeeInvis .     - Unarmed
rCold    . . .     Faith    .   (no shield)
rNeg     . . .     Spirit   .   (armour unavailable)
rPois    .         Reflect  .   (helmet currently unavailable)
rElec    .         Harm     .   b - +0 cloak
rCorr    .         Rampage  .   (no gloves)
MR       .....                  (boots currently unavailable)
Stlth    +.........             (no amulet)
HPRegen  0.07/turn              (no ring)
MPRegen  0.09/turn              (no ring)

@: appendages
A: unfitting armour, horns 2, talons 2, cold-blooded, AC +4
a: End Transformation


You were on level 2 of the Dungeon.
You had grown temporary horns.
You had grown temporary talons.
You visited 1 branch of the dungeon, and saw 2 of its levels.

You collected 92 gold pieces.

Inventory:

Armour
 b - a +0 cloak (worn)
Jewellery
 e - an uncursed ring of protection from magic {unknown}
Potions
 a - a potion of heal wounds {unknown}
 c - a potion of degeneration {unknown}
 d - a potion of ambrosia {unknown}
 f - a potion of mutation {unknown}
 g - a potion of attraction {unknown}
 h - a potion of brilliance {unknown}


   Skills:
 + Level 1.4 Fighting
 + Level 1.9 Dodging
 * Level 3.3 Unarmed Combat
 + Level 2.1 Spellcasting
 * Level 2.4 Transmutations


You had 4 spell levels left.
You knew the following spells:

 Your Spells              Type           Power        Failure   Level
a - Beastly Appendage     Tmut           #.....       10%         1

Your spell library contained the following spells:

 Spells                   Type           Power        Failure   Level
 Wereblood                Tmut           #.......     14%         2
 Spider Form              Tmut/Pois      #.........   41%         3
 Ice Form                 Ice/Tmut       #.......     83%         4
 Blade Hands              Tmut           #.........   95%         5


Dungeon Overview and Level Annotations

Branches:
Dungeon (2/15)

Altars:


Innate Abilities, Weirdness & Mutations

Your plain brown scales are hard. (AC +4)
You cannot fit into any form of body armour.
You are cold-blooded and may be slowed by cold attacks.
You have a pair of horns on your head.
You have razor-sharp toenails.


Message History

A hobgoblin comes into view. It is wielding a +0 club.
A gnoll comes into view. It is wielding a +0 spear.
You see here a goblin corpse.
Your horns disappear.
Your talons disappear.
You see here 9 gold pieces.
The kobold throws a stone.
The stone barely misses you.
You see here 21 arrows.
The gnoll closely misses you.
Casting: Beastly Appendage (safe; 10% risk of failure)
Confirm with . or Enter, or press ? or * to list all spells.
You grow a pair of large bovine horns.
Your feet morph into talons.
The gnoll barely misses you.
The gnoll hits you from afar with a +0 spear!
The gnoll barely misses you. The gnoll hits you!
The gnoll hits you from afar with a +0 spear.
* * * LOW HITPOINT WARNING * * *
The gnoll hits you but does no damage. The gnoll hits you with a +0 spear.
You die...

#..# ...#
##.###.#
#.....#
#.....########
#.....##.....#
##....##.....#
#....##.....#
#g##g##.....#
#@##K(......#
#g##(####'###
#..#.##...#
##g#.##.###
#K#g##.#
#.#.##.#####
#.g.##.#...#
##..##.#.#.#
#.>##.#.#.#


You could see 4 gnolls and a kobold.

Vanquished Creatures
  2 leopard geckos
  A bat (D:1)
  3 goblins
  5 hobgoblins
  2 frilled lizards (D:1)
  2 kobolds
  5 rats (D:1)
20 creatures vanquished.

Notes
Turn   | Place    | Note
-------+----------+-------------------------------------------
     0 | D:1      | kae the Draconian Transmuter began the quest for the Orb.
     0 | D:1      | Reached XP level 1. HP: 16/16 MP: 3/3
   229 | D:1      | Reached XP level 2. HP: 19/23 MP: 5/5
   801 | D:2      | Slain by a gnoll

Illustrated notes

Levels and vault maps discovered:
D:1:      lemuel_arrival_tunnels, layout_rooms, minmay_misc_feat_tower
D:2:      layout_basic

Action                   || total
-------------------------++-------
Melee: Unarmed           ||    48
       Kick              ||     9
       Tailslap          ||     3
       Headbutt          ||     1
       Punch             ||     1
 Cast: Beastly Appendage ||    14
  Use: Scroll            ||     1
 Stab: Sleeping          ||     1
Armor: Skin              ||    18
Dodge: Dodged            ||    27

Table legend: (Time is in decaauts)
 A = Elapsed time spent in this place.
 B = Non-inter-level travel time spent in this place.
 C = Inter-level travel time spent in this place.
 D = Time resting spent in this place.
 E = Time spent auto-exploring this place.
 F = Levels seen in this place.
 G = Mean time per level.
                   A        B        C        D        E       F      G
               +--------+--------+--------+--------+--------+-----+--------+
         Total |    797 |    740 |     57 |      0 |    559 |   2 |  398.5 |
       Dungeon |    797 |    740 |     57 |      0 |    559 |   2 |  398.5 |
               +--------+--------+--------+--------+--------+-----+--------+

Top non-repeatable levels by time:
     D:1: 578 daAuts
     D:2: 219 daAuts
